 Dungeon Crawl Stone Soup version 0.23.2-1-ga50397a (webtiles) character file.

Game seed: 15763718391608765678

173 sankara the Grave Robber (level 5, -2/41 HPs)
             Began as a Ghoul Necromancer on May 4, 2019.
             Slain by an ooze (4 damage)
             ... on level 3 of the Dungeon.
             The game lasted 00:12:14 (1832 turns).

sankara the Grave Robber (Ghoul Necromancer)        Turns: 1832, Time: 00:12:15

Health: -2/41      AC: -1    Str: 12    XL:     5   Next: 53%
Magic:  6/6        EV: 12    Int: 11    God:
Gold:   92         SH:  0    Dex:  9    Spells: 2/7 levels left

rFire    . . .     SeeInvis .   b - +2 dagger (drain)
rCold    + . .     Gourm    .   (no shield)
rNeg     + + +     Faith    .   a - +0 robe
rPois    ∞         Spirit   .   (no helmet)
rElec    .         Reflect  .   (no cloak)
rCorr    .         Harm     .   (no gloves)
MR       .....                  (no boots)
Stlth    ++........             (no amulet)
HPRegen  0.00/turn              n - -3 ring of protection (curse)
MPRegen  0.10/turn              (no ring)

@: rotting
A: rotting body, claws 1, carnivore, cold resistance 1, negative energy
resistance 3, inhibited regeneration, torment resistance, unbreathing
a: no special abilities


You were on level 3 of the Dungeon.
You were not hungry.

You visited 1 branch of the dungeon, and saw 3 of its levels.

You collected 92 gold pieces.

Inventory:

Hand Weapons
 b - a +2 dagger of draining (weapon)
   (You took it off a goblin on level 1 of the Dungeon)
 c - a +3 dagger of venom
   (You took it off a goblin on level 1 of the Dungeon)
Missiles
 g - 100 stones (quivered)
Armour
 a - a +0 robe (worn)
 r - a +1 ring mail of fire resistance
   (You took it off Ijyb on level 3 of the Dungeon)
Magical Staves
 d - an uncursed staff of summoning {!a}
   (You found it on level 3 of the Dungeon)
Jewellery
 n - a cursed -3 ring of protection (left claw)
   (You found it on level 2 of the Dungeon)
Scrolls
 h - 2 scrolls of amnesia
Potions
 j - a potion of agility
 k - a potion of berserk rage {unknown}
 m - a potion of cancellation
 o - 2 potions of heal wounds {unknown}
 p - a potion of curing {unknown}
 q - a potion of haste {unknown}
Comestibles
 i - 4 rations


   Skills:
 + Level 1.7 Fighting
 + Level 1.3 Short Blades
 - Level 1.7 Dodging
 + Level 3.0 Stealth
 + Level 3.7 Unarmed Combat
 - Level 1.7 Spellcasting
 + Level 4.4 Necromancy


You had 2 spell levels left.
You knew the following spells:

 Your Spells              Type           Power        Failure   Level  Hunger
a - Pain                  Necr           ##..         4%          1    ##.....
b - Animate Skeleton      Necr           N/A          4%          1    ##.....
c - Regeneration          Chrm/Necr      #.........   36%         3    ####...

Your spell library contained the following spells:

 Spells                   Type           Power        Failure   Level  Hunger
 Vampiric Draining        Necr           ##........   14%         3    ####...
 Animate Dead             Necr           N/A          43%         4    #####..


Dungeon Overview and Level Annotations

Branches:
Dungeon (3/15)

Altars:
Wu Jian
Yredelemnul


Innate Abilities, Weirdness & Mutations

Your body is rotting away.
You thrive on raw meat.
You are immune to poison.
You have sharp fingernails.
You are carnivorous and can eat meat at any time.
Your flesh is cold resistant. (rC+)
You are immune to negative energy. (rN+++)
You do not regenerate when monsters are visible.
You are immune to unholy pain and torment.
You can survive without breathing.


Message History

Confirm with . or Enter, or press ? or * to list all spells.
You attempt to give life to the dead...
The dead are walking!
You see here a +0 dagger of venom.
You see here a rat skeleton.
Magic restored.
Found a stone staircase leading up.
You swap places.
You see here a rat skeleton.
Casting: Animate Skeleton (safe; 4% risk of failure)
Confirm with . or Enter, or press ? or * to list all spells.
You attempt to give life to the dead...
The dead are walking!
Drop what? 18/52 slots (_ for help) (? for menu, Esc to quit)
You drop a +0 club.
You drop a +0 dagger.
Adjust (i)tems, (s)pells, or (a)bilities?
Adjust which item? (? for menu, Esc to quit)
d - a +2 dagger of draining (weapon)
Adjust to which letter? (? for menu, Esc to quit)
b - a +2 dagger of draining (weapon)
Adjust (i)tems, (s)pells, or (a)bilities?
Adjust which item? (? for menu, Esc to quit)
i - a +3 dagger of venom Adjust to which letter? (? for menu, Esc to quit)
c - a +3 dagger of venom;
i - 4 rations
As you read the scroll labeled COCSIB VICLA, it crumbles to dust.
The scroll dissolves into smoke.
It was a scroll of fog.
As you read the scroll labeled JOLACVUPNURGH, it crumbles to dust.
You feel strangely unstable.
It was a scroll of teleportation.
You swap places.
Your surroundings suddenly seem different.
d - a long glowing staff Wield which item (- for none, * to show all)? (? for menu, Esc to quit)
d - an uncursed staff of summoning (weapon)
Wield which item (- for none, * to show all)? (? for menu, Esc to quit)
You sense an unholy aura.
b - a +2 dagger of draining (weapon)
You open the large door.
Found an ornate altar of the Wu Jian Council and a basalt altar of Yredelemnul.
There is a large open door here.
An orc comes into view. It is wielding a +0 whip.
An orc comes into view. It is wielding a +0 dagger.
The orc moves out of view.
Found a pair of gloves.
Found a stone staircase leading up.
An orc comes into view. It is wielding a +0 mace.
The orc shouts!
An orc comes into view. It is wielding a +0 short sword.
The orc shouts! x2
You hit the orc but do no damage. You drain the orc.
The orc is severely wounded.
The orc completely misses you.
You hit the orc but do no damage.
The orc is severely wounded.
The orc hits you with a +0 dagger.
An orc comes into view. It is wielding a +0 hand axe.
You closely miss the orc.
The orc is severely wounded.
The orc barely misses you.
You barely miss the orc.
The orc is severely wounded.
Something bites your frilled lizard skeleton.
The orc jeers loudly.
The orc hits you but does no damage.
You hit the orc but do no damage.
The orc is severely wounded.
An adder comes into view.
The orc hits you with a +0 dagger.
An ogre comes into view. It is wielding a +0 giant spiked club.
The adder moves out of view.
You hit the orc but do no damage.
The orc is severely wounded.
The orc barely misses you.
You hit the orc. You drain the orc.
You kill the orc!
The ogre hits your frilled lizard skeleton with a +0 giant spiked club!
Your frilled lizard skeleton is destroyed!
The orc hits you with a +0 mace. The orc misses you.
Things that are here:
a +0 dagger; a +0 leather armour You hit the orc.
The orc is severely wounded.
The orc hits you with a +0 short sword. The orc hits you with a +0 whip.
The orc closely misses you. The orc hits you but does no damage.
Okay, then.
The adder bites you. The adder bites you.
* * * LOW HITPOINT WARNING * * *
An ooze comes into view.
The ooze quivers.
The adder bites you.
* * * LOW HITPOINT WARNING * * *
The adder bites you.
* * * LOW HITPOINT WARNING * * *
The ooze hits you.
* * * LOW HITPOINT WARNING * * *
A worm comes into view.
The orc barely misses you.
There is a stone staircase leading up here.
The ooze hits you.
You die...

####.################
.....................
.....................
#############)..###.
#...# ##.[.## #
#..oO.##.###.
#.#.o.w......
#.###@##.# #.oSJ....#
#..o.........
##.#######.#. #.### #
..#<#####.#
...#.......#
....#.......#
......#.......#


You could see an ogre, a worm, an ooze, an adder and 4 orcs.

Vanquished Creatures
  Jessica (D:2)
  Ijyb (D:3)
  A worker ant (D:2)
  4 adders
  An ooze (D:1)
  A worm (D:3)
  2 dart slugs (D:1)
  3 leopard geckos (D:1)
  An orc (D:3)
  3 giant cockroaches
  9 goblins
  7 hobgoblins
  2 jackals (D:1)
  A quokka (D:2)
  A ball python (D:3)
  3 bats
  2 frilled lizards
  6 kobolds
  3 rats
52 creatures vanquished.

Notes
Turn   | Place    | Note
-------+----------+-------------------------------------------
     0 | D:1      | sankara the Ghoul Necromancer began the quest for the Orb.
     0 | D:1      | Reached XP level 1. HP: 14/14 MP: 2/2
     2 | D:1      | Learned a level 1 spell: Animate Skeleton
    31 | D:1      | Reached skill level 1 in Unarmed Combat
    51 | D:1      | Reached XP level 2. HP: 20/20 MP: 1/3
   162 | D:1      | Reached skill level 2 in Unarmed Combat
   271 | D:1      | Reached XP level 3. HP: 21/26 MP: 4/4
   324 | D:1      | Reached skill level 3 in Unarmed Combat
   821 | D:2      | Learned a level 3 spell: Regeneration
   845 | D:2      | Noticed Jessica
   865 | D:2      | Killed Jessica
   865 | D:2      | Reached XP level 4. HP: 21/34 MP: 5/5
   987 | D:2      | Reached skill level 1 in Fighting
  1036 | D:2      | Reached skill level 1 in Short Blades
  1036 | D:2      | Reached XP level 5. HP: 17/40 MP: 6/6
  1640 | D:3      | Noticed Ijyb
  1684 | D:3      | Killed Ijyb
  1684 | D:3      | Reached skill level 3 in Stealth
  1797 | D:3      | Found an ornate altar of the Wu Jian Council.
  1797 | D:3      | Found a basalt altar of Yredelemnul.
  1818 | D:3      | Noticed an ogre
  1824 | D:3      | HP: 10/41 [adder (3)]
  1826 | D:3      | HP: 4/41 [adder (3)]
  1832 | D:3      | Slain by an ooze

Skill      XL: |  1  2  3  4  5 |
---------------+----------------+-----
Unarmed Combat | 1 2 3 |  3.7
Fighting       | 1 |  1.7
Short Blades   | 1 |  1.3
Stealth        | 3 |  3.0
Dodging        | |  1.7
Spellcasting   | |  1.7
Necromancy     | |  4.4

Action                   |  1- 3 |  4- 6 || total
-------------------------+-------+-------++-------
Melee: Unarmed           |    12 |       ||    12
       Dagger            |    65 |    96 ||   161
Throw: Stone             |     4 |       ||     4
 Cast: Pain              |     6 |       ||     6
       Animate Skeleton  |    14 |     6 ||    20
  Use: Scroll            |       |     4 ||     4
 Stab: Sleeping          |     2 |     1 ||     3
  Eat: Chunk             |    19 |    17 ||    36
Armor: Robe              |     8 |     6 ||    14
Dodge: Dodged            |    41 |    48 ||    89

Levels and vault maps discovered:
D:1:      dpeg_arrival_refuge, layout_basic
D:2:      layout_loops_ring, uniq_jessica
D:3:      layout_basic, tgw_sif, gammafunk_temple_overflow_wave,
          roderic_roman_lattice, uniq_ijyb

Table legend:
 A = Turns spent in this place as a percentage of turns spent in the entire game.
 B = Non-inter-level travel turns spent in this place as a percentage of non-inter-level travel turns spent in the entire game.
 C = Inter-level travel turns spent in this place as a percentage of turns spent in this place.
 D = Turns resting spent in this place as a percentage of non-inter-level travel turns spent in this place.
 E = Turns spent auto-exploring this place as a percentage of non-inter-level travel turns spent in this place.
 F = Non-inter-level travel turns spent in this place divided by the number of levels of this place that you've seen.
                   A       B       C       D       E      F
               +-------+-------+-------+-------+-------+----------------------
         Total | 100.0 | 100.0 |   3.4 |   3.5 |  62.1 | 590.0
       Dungeon | 100.0 | 100.0 |   3.4 |   3.5 |  62.1 | 590.0
               +-------+-------+-------+-------+-------+----------------------

Table legend:
 A = Kills in this place as a percentage of kills in entire the game.
 B = Kills by you in this place as a percentage of kills by you in the entire game.
 C = Kills by friends in this place as a percentage of kills by friends in the entire game.
 D = Other kills in this place as a percentage of other kills in the entire game.
 E = Experience gained in this place as a percentage of experience gained in the entire game.
 F = Experience gained in this place divided by the number of levels of this place that you have seen.
                   A       B       C       D       E      F
               +-------+-------+-------+-------+-------+----------------------
         Total | 100.0 | 100.0 |   N/A |   N/A | 100.0 |  82.7
       Dungeon | 100.0 | 100.0 |   N/A |   N/A | 100.0 |  82.7
               +-------+-------+-------+-------+-------+----------------------
